 Dungeon Crawl Stone Soup version 0.20.1-1-g8b1a95d (webtiles) character file.

24 Irenicus the Insei (level 3, -2/26 HPs)
             Began as an Octopode Chaos Knight on Oct 13, 2017.
             Killed by the capriciousness of Xom (19 damage)
             ... on level 2 of the Dungeon.
             The game lasted 00:01:12 (508 turns).

Irenicus the Insei (Octopode Chaos Knight)           Turns: 508, Time: 00:01:12

Health: -2/26      AC:  1    Str: 11    XL:     3   Next: 2%
Magic:  3/3        EV: 13    Int: 14    God:    Xom [..*...]
Gold:   84         SH:  0    Dex: 12    Spells: 2/2 levels left

rFire    . . .     SeeInvis .     - Unarmed
rCold    . . .     Gourm    .   (no shield)
rNeg     . . .     Faith    .   (helmet restricted)
rPois    .         Spirit   .   (no amulet)
rElec    .         Reflect  .   (no ring)
rCorr    .         Harm     .   (no ring)
MR       .....                  (no ring)
Stlth    ++........             (no ring)
Regen    0.1/turn               (no ring)
MPRegen  0.1/turn               (no ring)
                                (no ring)
                                (no ring)

@: no status effects
A: almost no armour, stealthy swim, amphibious, 8 rings, constrict 8, camouflage
1, gelatinous body 1
a: Renounce Religion


You were on level 2 of the Dungeon.
You worshipped Xom.
You were a BORING thing.
You were not hungry.

You visited 1 branch of the dungeon, and saw 2 of its levels.

You collected 84 gold pieces.

Inventory:

Scrolls
 b - a scroll of amnesia {unknown}
 e - 4 scrolls of identify {unknown}
 g - a scroll of enchant armour {unknown}
 l - a scroll of fear {unknown}
Potions
 c - a potion of lignification {unknown}
 d - a potion of ambrosia {unknown}
 f - a potion of heal wounds {unknown}
 h - a potion of invisibility {unknown}
 i - a potion of flight {unknown}
 j - a potion of curing {unknown}
Comestibles
 a - 2 bread rations
 k - a royal jelly
 m - 2 chunks of flesh


   Skills:
 - Level 3.0 Fighting
 - Level 2.3 Dodging
 + Level 4.1 Unarmed Combat


You had 2 spell levels left.
You didn't know any spells.

Dungeon Overview and Level Annotations

Branches:
Dungeon (2/15)

Altars:


Innate Abilities, Weirdness & Mutations

You cannot wear most types of armour.
You are very stealthy in the water. (Stealth+)
You are amphibious.
You can wear up to eight rings at the same time.
You can use your tentacles to constrict eight enemies at once.
Your skin changes colour to match your surroundings (Stealth+).
Your rubbery body absorbs attacks. (AC +1, EV +1)


Message History

You tentacle-slap the quokka. You grab the quokka.
The quokka is heavily wounded.
You constrict the quokka, but do no damage.
The quokka twitches its whiskers.
The quokka closely misses you.
You tentacle-slap the quokka.
You kill the quokka!
You have reached level 3!
Your experience leads to an increase in your attributes!
Increase (S)trength, (I)ntelligence, or (D)exterity?
You feel agile.
You see here a quokka corpse.
You butcher the quokka corpse.
m - 2 chunks of flesh You are now a BORING thing.
Xom notices you.
You are blasted with fire.
Ouch! That really hurt!
You die...
Xom laughs nastily!

##### #...# #...#
#...# #...#
########...#
.#######..........#
$......@.######...#
##.......# #...#
.........# ##...#
.#......<#####....#
#######.....#.####
###.....#.#
##.......#.#####
#..)...###.....#
#########).#####
#.....#


There were no monsters in sight!

Vanquished Creatures
  2 leopard geckos (D:1)
  A bat (D:1)
  4 giant cockroaches (D:1)
  4 goblins
  2 hobgoblins (D:1)
  A quokka (D:2)
  2 ball pythons
  A frilled lizard (D:1)
  A rat (D:1)
18 creatures vanquished.

Notes
Turn   | Place    | Note
-------+----------+-------------------------------------------
     0 | D:1      | Irenicus the Octopode Chaos Knight began the quest for the Orb.
     0 | D:1      | Reached XP level 1. HP: 16/16 MP: 1/1
   153 | D:1      | Reached XP level 2. HP: 19/21 MP: 2/2
   418 | D:1      | XOM: divination: magic mapping
   447 | D:2      | Reached skill level 4 in Unarmed Combat
   494 | D:2      | Reached XP level 3. HP: 15/26 MP: 3/3
   508 | D:2      | XOM is BORED!
   508 | D:2      | XOM: medium Fire miscast
   508 | D:2      | Killed by the capriciousness of Xom

Skill      XL: |  1  2 |
---------------+-------+-----
Unarmed Combat | 4 |  4.1
Fighting       | |  3.0
Dodging        | |  2.3

Action                   || total
-------------------------++-------
Melee: Unarmed           ||    41
       Constrict         ||    12
       Tentacles         ||     8
 Stab: Sleeping          ||     5
Armor: Skin              ||     3
Dodge: Dodged            ||    23
